 Dungeon Crawl Stone Soup version 0.28-a0-730-g892d06dc2c (webtiles) character file.

Game seed: 11242099698705891698

3705 kae the Covert (level 9, 0/38 (39) HPs)
             Began as a Spriggan Enchanter on Oct 28, 2021.
             Was an Initiate of Dithmenos.
             Killed from afar by an electric eel (15 damage)
             ... with a bolt of electricity
             ... on level 7 of the Dungeon on Nov 2, 2021.
             The game lasted 00:09:50 (9303 turns).

kae the Covert (Spriggan Enchanter)                 Turns: 9303, Time: 00:09:50

HP:   0/38 (39)     AC:  4    Str:  7    XL:     9   Next: 91%
MP:   9/20          EV: 21    Int: 17    God:    Dithmenos [......]
Gold: 499           SH:  0    Dex: 15    Spells: 11/22 levels left

rFire   . . .      SeeInvis +   a - +1 dagger (venom)
rCold   . . .      Faith    .   (shield restricted)
rNeg    . . .      Spirit   .   b - +0 robe
rPois   .          Reflect  .   (helmet restricted)
rElec   .          Harm     .   j - +1 cloak {rCorr}
rCorr   +          Rampage  .   (gloves unavailable)
Will    +....                   (boots unavailable)
Stlth   ++++......              (no amulet)
HPRegen 0.12/turn               (no ring)
MPRegen 0.17/turn               (no ring)

@: lightly drained, very quick
A: very small, no large weapons, unfitting armour, see invisible, speed 3
a: Renounce Religion


You were on level 7 of the Dungeon.
You worshipped Dithmenos.
Dithmenos was noncommittal.
You visited 2 branches of the dungeon, and saw 8 of its levels.

You collected 499 gold pieces.

Inventory:

Hand Weapons
 a - a +1 dagger of venom (weapon)
 d - a +0 vampiric dagger
Missiles
 r - 2 throwing nets (quivered)
Armour
 b - a +0 robe (worn)
 j - a +1 cloak of preservation (worn)
Jewellery
 q - a ring of fire
Wands
 f - a wand of charming (1)
 p - a wand of flame (12)
Scrolls
 k - a scroll of holy word
 s - a scroll of noise
Potions
 c - a potion of invisibility
 e - 2 potions of attraction {unknown}
 g - 5 potions of curing {unknown}
 h - 2 potions of haste {unknown}
 i - a potion of resistance {unknown}
 l - 2 potions of might {unknown}
 m - a potion of ambrosia {unknown}
 n - 2 potions of lignification {unknown}
 o - 2 potions of degeneration {unknown}


   Skills:
 * Level 9.2 Short Blades
 + Level 8.1 Dodging
 + Level 10.1 Stealth
 + Level 7.3 Spellcasting
 + Level 7.7 Hexes


You had 11 spell levels left.
You knew the following spells:

 Your Spells              Type           Power      Damage    Failure   Level
a - Ensorcelled Hibernat  Hex/Ice        38%        N/A       3%          2
b - Confusing Touch       Hex            32%        N/A       1%          3
c - Tukima's Dance        Hex            32%        N/A       1%          3
d - Dazzling Flash        Conj/Hex       38%        N/A       7%          3

Your spell library contained the following spells:

 Spells                   Type           Power      Damage    Failure   Level
 Cause Fear               Hex            16%        N/A       4%          4
 Inner Flame              Hex/Fire       19%        N/A       7%          3
 Corpse Rot               Necr/Air       12%        N/A       17%         2
 Poisonous Vapours        Pois/Air       12%        N/A       17%         2
 Discord                  Hex            16%        N/A       100%        8


Dungeon Overview and Level Annotations

Branches:
Dungeon (7/15)             Temple (1/1) D:5

Altars:
Ashenzari
Cheibriados
Dithmenos
Elyvilon
Fedhas
Gozag
Hepliaklqana
Nemelex Xobeh
Okawaru
Qazlal
Sif Muna
Trog
Uskayaw
Vehumet
Wu Jian
Yredelemnul
Zin
The Shining One

Shops:
D:2 =:(   D:3 (

Annotations:
D:3 2 transporters, funkygono's ghost, amateur GrFE
D:6 1 runed translucent door, 1 exclusion, olaf's ghost, novice GnCK


Innate Abilities, Weirdness & Mutations

You are very small and have problems with some larger weapons.
You are too small for most types of armour.
You have supernaturally acute eyesight. (SInv)
You cover ground extremely quickly. (Speed+++)


Message History

Aim: an electric eel (chance to affect: 58%)
The electric eel resists with significant effort.
The electric eel shoots out a bolt of lightning at you!
The bolt of electricity hits you. The bolt of electricity hits you!
The bolt of electricity hits the electric eel.
The electric eel completely resists.
Casting: Ensorcelled Hibernation (safe; 3% risk of failure)
Confirm with . or Enter, or press ? or * to list all spells.
Aiming: Ensorcelled Hibernation (safe; 3% risk of failure)
Press: ? - help, Shift-Dir - straight line, f/p - electric eel
Aim: an electric eel (chance to affect: 58%)
The electric eel resists with significant effort.
The electric eel shoots out a bolt of lightning at you!
The bolt of electricity misses you. x2
The bolt of electricity hits the electric eel.
The electric eel completely resists.
Casting: Ensorcelled Hibernation (safe; 3% risk of failure)
Confirm with . or Enter, or press ? or * to list all spells.
Aiming: Ensorcelled Hibernation (safe; 3% risk of failure)
Press: ? - help, Shift-Dir - straight line, f/p - electric eel
Aim: an electric eel (chance to affect: 58%)
The electric eel looks drowsy...
Casting: Ensorcelled Hibernation (safe; 3% risk of failure)
Confirm with . or Enter, or press ? or * to list all spells.
You can't see any susceptible monsters within range! (Use Z to cast anyway.)
An electric eel comes into view.
The helpless electric eel fails to defend itself.
You skewer the electric eel like a kebab!!!!
You kill the electric eel!
Dithmenos accepts your kill.
You hear a splash.
Casting: Ensorcelled Hibernation (safe; 3% risk of failure)
Confirm with . or Enter, or press ? or * to list all spells.
Aiming: Ensorcelled Hibernation (safe; 3% risk of failure)
Press: ? - help, Shift-Dir - straight line, f - electric eel
Aim: an electric eel (chance to affect: 58%)
The electric eel resists with significant effort.
The electric eel shoots out a bolt of lightning at you!
The bolt of electricity hits you!
You die...

###### ####### ≈≈≈≈≈###
###≈@P.P## ≈≈≈≈≈≈≈##
##)≈†≈....#
≈≈≈≈≈≈#.####)#≈≈≈S..P.#
≈≈######...)######≈..PP#
≈≈≈≈## #....# ≈....#
≈≈≈≈≈# #..).# ≈....#
≈≈≈≈≈###....# ≈PP.#
≈≈≈≈≈≈###''## ≈≈.P#
≈≈≈≈≈≈≈##..#


You could see an electric eel.

Vanquished Creatures
  2 hornets (D:7)
  Eustachio (D:4)
  5 yaks (D:5)
  Edmund (D:5)
  2 ice beasts
  A sky beast (D:6)
  2 black bears
  2 necrophages
  An ogre (D:5)
  3 phantoms
  2 bullfrogs (D:6)
  A scorpion (D:6)
  5 killer bees (D:5)
  4 wights (D:7)
  4 electric eels (D:7)
  A howler monkey (D:5)
  2 bullfrog zombies (D:5)
  A centaur zombie (D:6)
  2 hounds
  Crazy Yiuf (D:2)
  An orc priest (D:7)
  A bullfrog skeleton (D:5)
  A centaur skeleton (D:5)
  Jessica (D:3)
  An iguana (D:4)
  2 orc wizards (D:3)
  A killer bee zombie (D:5)
  2 hound skeletons
  A howler monkey zombie (D:6)
  Robin (D:4)
  3 adders
  4 gnolls (D:5)
  A white imp (D:6)
  An adder skeleton (D:4)
  2 dart slugs (D:2)
  7 orcs
  6 bats
  5 endoplasms
  2 giant cockroaches (D:1)
  14 goblins
  13 hobgoblins
  2 jackals (D:5)
  5 kobolds
  2 quokkas
  10 ball pythons
  7 frilled lizards
  7 rats
146 creatures vanquished.

Vanquished Creatures (others)
  3 fungi (D:2)
  3 plants (D:1)
  4 toadstools (D:4)
10 creatures vanquished.

Grand Total: 156 creatures vanquished

Notes
Turn   | Place    | Note
-------+----------+-------------------------------------------
     0 | D:1      | kae the Spriggan Enchanter began the quest for the Orb.
     0 | D:1      | Reached XP level 1. HP: 9/9 MP: 5/5
   320 | D:1      | Reached XP level 2. HP: 13/13 MP: 6/6
   338 | D:1      | Learned a level 2 spell: Ensorcelled Hibernation
  1054 | D:1      | Reached XP level 3. HP: 16/16 MP: 8/8
  1228 | D:1      | Learned a level 3 spell: Confusing Touch
  1232 | D:1      | Learned a level 3 spell: Tukima's Dance
  1466 | D:2      | Found Rerchengu's Book Shoppe.
  1494 | D:2      | Reached skill level 5 in Stealth
  1600 | D:2      | Found a faded altar of an unknown god.
  1706 | D:2      | Found Milusudu's Jewellery Boutique.
  2109 | D:2      | Found Fyofe's Weapon Shoppe.
  2188 | D:2      | Found a runed translucent door.
  2189 | D:2      | Noticed Crazy Yiuf
  2426 | D:2      | Killed Crazy Yiuf
  2427 | D:2      | Reached XP level 4. HP: 4/21 MP: 4/9
  2777 | D:3      | Found Xoidetz's Antique Weapon Shoppe.
  3142 | D:3      | Found a transporter.
  3146 | D:3      | Noticed funkygono's ghost (amateur GrFE)
  3159 | D:3      | Found a transporter.
  3202 | D:3      | Reached XP level 5. HP: 24/24 MP: 11/11
  3254 | D:3      | Noticed a black bear
  3273 | D:3      | Killed a black bear
  3923 | D:3      | Noticed Jessica
  3925 | D:3      | Found a faded altar of an unknown god.
  3925 | D:3      | Found a hazy altar of Hepliaklqana.
  3937 | D:3      | Killed Jessica
  4137 | D:3      | Learned a level 3 spell: Dazzling Flash
  4160 | D:4      | Reached XP level 6. HP: 26/28 MP: 9/12
  4208 | D:4      | Reached skill level 6 in Stealth
  4259 | D:4      | Noticed Eustachio
  4265 | D:4      | Killed Eustachio
  4266 | D:4      | Reached skill level 5 in Hexes
  4383 | D:4      | Identified the +1 leather armour of a ziggurat {+Blink rN+
                  | Will+ MP-9}
  4460 | D:4      | Identified the +1 helmet "Odaf" {Harm rElec rC+ rN+}
  4460 | D:4      | Noticed Robin
  4697 | D:4      | Reached skill level 5 in Short Blades
  4697 | D:4      | Reached XP level 7. HP: 32/32 MP: 11/14
  5017 | D:4      | Killed Robin
  5510 | D:5      | Entered Level 5 of the Dungeon
  5594 | D:5      | Reached skill level 5 in Dodging
  5663 | D:5      | Reached skill level 7 in Stealth
  5700 | D:5      | Reached skill level 5 in Spellcasting
  5931 | D:5      | Noticed a yak
  5932 | D:5      | Noticed a yak
  5936 | D:5      | Noticed a yak
  5937 | D:5      | Noticed a yak
  5937 | D:5      | Noticed a yak
  5946 | D:5      | Killed a yak
  5947 | D:5      | Reached XP level 8. HP: 36/36 MP: 6/16
  5953 | D:5      | Reached skill level 8 in Stealth
  6391 | D:5      | Noticed Edmund
  6397 | D:5      | Killed Edmund
  6398 | D:5      | Reached XP level 9. HP: 39/39 MP: 16/19
  6652 | D:5      | Reached skill level 9 in Stealth
  6912 | D:5      | Found a staircase to the Ecumenical Temple.
  7257 | Temple   | Entered the Ecumenical Temple
  7572 | Temple   | Became a worshipper of Dithmenos the Shadowed
  8204 | D:6      | Found a bloodstained altar of Trog.
  8587 | D:6      | Found a runed translucent door.
  8587 | D:6      | Noticed olaf's ghost (novice GnCK)
  8587 | D:6      | Noticed an unseen horror
  8710 | D:7      | Found a glowing golden altar of the Shining One.
  8728 | D:7      | Found a basalt altar of Yredelemnul.
  8782 | D:7      | Found a stormy altar of Qazlal.
  9082 | D:7      | Reached skill level 10 in Stealth
  9303 | D:7      | Killed from afar by an electric eel

Illustrated notes

Levels and vault maps discovered:
D:1:      roderic_crop_circles_arrival_small, layout_loops_ring, st_stairs_11,
          minmay_misc_feat_alley, minmay_pentomino_x2
D:2:      layout_loops_ring, serial_shops,
          nicolae_shop_temple_entry_statues_fountains, nicolae_shop_waterfront,
          shop, hellmonk_ecumenical_altar_heavens_door, uniq_crazy_yiuf_cottage
D:3:      layout_loops_ring, beargit_hepliaklqana_dungeon_heroes, serial_shops,
          shop, gammafunk_ghost_stat_death, minmay_misc_feat_pillars,
          glass_columns_a, kennysheep_generic_room_6
D:4:      layout_loops_ring, minmay_gold_behind_fungi, minmay_surrounded,
          uniq_robin, uniq_eustachio
D:5:      layout_basic, minmay_temple_entry_from_below_a, hex_tiny, uniq_edmund
D:6:      layout_loops_ring, trog_hazing_becter, ebering_ghost_inner_flame
D:7:      wad_lake_hut, layout_gridville, mainiacjoe_overflow_catwalk,
          mainiacjoe_overflow_large_starburst, uniq_menkaure
Temple:   nicolae_temple_figure_eight

Skill      XL: |  1  2  3  4  5  6  7  8  9 |
---------------+----------------------------+-----
Dodging        | 3 4 5 6 8 |  8.1
Short Blades   | 2 3 4 5 6 7 9 |  9.2
Spellcasting   | 3 4 5 6 7 |  7.3
Stealth        | 5 6 7 8 10 | 10.1
Hexes          | 4 5 6 7 |  7.7

Action                   |  1- 3 |  4- 6 |  7- 9 || total
-------------------------+-------+-------+-------++-------
Melee: Dagger            |   130 |   122 |   328 ||   580
 Cast: Ensorcelled Hiber |    13 |    26 |    56 ||    95
       Confusing Touch   |       |     1 |    20 ||    21
  Use: Scroll            |     3 |       |     6 ||     9
       Potion            |       |     2 |       ||     2
 Stab: Sleeping          |    19 |    21 |    36 ||    76
       Confused          |       |     1 |    22 ||    23
Armor: Robe              |    10 |    21 |    25 ||    56
Dodge: Dodged            |    87 |    77 |   269 ||   433

Table legend: (Time is in decaauts)
 A = Elapsed time spent in this place.
 B = Non-inter-level travel time spent in this place.
 C = Inter-level travel time spent in this place.
 D = Time resting spent in this place.
 E = Time spent auto-exploring this place.
 F = Levels seen in this place.
 G = Mean time per level.
                   A        B        C        D        E       F      G
               +--------+--------+--------+--------+--------+-----+--------+
         Total |   7298 |   7075 |    223 |   1582 |   4347 |   8 |  912.2 |
       Dungeon |   7049 |   6841 |    208 |   1477 |   4221 |   7 | 1007.0 |
        Temple |    248 |    233 |     15 |    105 |    125 |   1 |  248.0 |
               +--------+--------+--------+--------+--------+-----+--------+

Top non-repeatable levels by time:
     D:5: 1360 daAuts
     D:3: 1134 daAuts
     D:1: 1117 daAuts
     D:4: 1072 daAuts
     D:2: 1007 daAuts
     D:6: 792 daAuts
     D:7: 564 daAuts
  Temple: 248 daAuts
